 Dungeon Crawl Stone Soup version 0.28.0 (webtiles) character file.

Game seed: 12310659236201932154

138 danielguo94 the Cudgeller (level 5, -4/33 HPs)
             Began as a Gargoyle Fighter on Feb 8, 2022.
             Slain by an iguana (11 damage)
             ... on level 4 of the Dungeon.
             The game lasted 00:03:21 (2592 turns).

danielguo94 the Cudgeller (Gargoyle Fighter)        Turns: 2592, Time: 00:03:21

Health: -4/33      AC: 11    Str: 21    XL:     5   Next: 21%
Magic:  5/5        EV:  8    Int:  9    God:
Gold:   156        SH:  8    Dex:  9    Spells: 4/4 levels left

rFire   . . .      SeeInvis .   a - +0 flail
rCold   . . .      Faith    .   g - +0 kite shield
rNeg    + . .      Spirit   .   b - +0 scale mail
rPois   ∞          Reflect  .   (no helmet)
rElec   +          Harm     .   (no cloak)
rCorr   .          Rampage  .   (no gloves)
Will    .....                   (no boots)
Stlth   ..........              (no amulet)
HPRegen 0.11/turn               (no ring)
MPRegen 0.09/turn               (no ring)

@: no status effects
A: sickness immunity, AC +4, negative energy resistance 1, electricity
resistance, torment resistance 1, petrification resistance
a: no special abilities


You were on level 4 of the Dungeon.
You visited 1 branch of the dungeon, and saw 4 of its levels.

You collected 156 gold pieces.

Inventory:

Hand Weapons
 a - a +0 flail (weapon)
Missiles
 e - 135 stones (quivered)
 h - 7 poisoned darts
Armour
 b - a +0 scale mail (worn)
 c - a +0 buckler
 g - a +0 kite shield (worn)
Scrolls
 f - a scroll of teleportation
 i - a scroll of magic mapping {unknown}
 j - 2 scrolls of fog {unknown}
 l - a scroll of vulnerability {unknown}
Potions
 d - 2 potions of might
 k - 2 potions of lignification
 m - 2 potions of curing {unknown}


   Skills:
 + Level 3.6 Fighting
 * Level 4.1 Maces & Flails
 + Level 4.0 Armour
 + Level 0.6 Dodging
 + Level 3.5 Shields


You had 4 spell levels left.
You didn't know any spells.
Your spell library contained the following spells:

 Spells                   Type           Power      Damage    Failure   Level
 Airstrike                Air            0%         N/A       100%        4
 Summon Lightning Spire   Summ/Air       0%         N/A       100%        4
 Lightning Bolt           Conj/Air       0%         1d11      100%        5
 Malign Gateway           Summ/Tloc      0%         N/A       100%        7
 Summon Horrible Things   Summ           0%         N/A       100%        8


Dungeon Overview and Level Annotations

Branches:
Dungeon (4/15)
 Temple: D:4-7

Altars:
Yredelemnul


Innate Abilities, Weirdness & Mutations

You are immune to sickness and miasma.
Your stone body is resilient. (AC +4)
You are immune to poison.
You resist negative energy. (rN+)
You are resistant to electric shocks. (rElec)
You are resistant to unholy torment.
You are immune to petrification.


Message History

Found a plate armour.
You now have 147 gold pieces (gained 8).
You now have 156 gold pieces (gained 9).
Found 16 sling bullets.
Found a robe.
A goblin and an iguana come into view.
The goblin shouts!
You hear a shout!
You hit the iguana.
The iguana is lightly wounded.
The iguana bites you. The goblin hits you but does no damage.
A goblin comes into view. It is wielding a +0 dagger.
You block the iguana's attack. The goblin completely misses you.
You closely miss the goblin. The goblin hits you but does no damage.
You barely miss the goblin. The goblin hits you but does no damage.
You closely miss the goblin. You block the goblin's attack.
The goblin hits you but does no damage.
You closely miss the goblin. The goblin hits you with a +0 club.
You hit the goblin.
You kill the goblin!
The iguana barely misses you.
You barely miss the iguana. The iguana bites you!
You closely miss the iguana. The iguana bites you!
* * * LOW HITPOINT WARNING * * *
You are too injured to fight recklessly!
You are too injured to fight recklessly!
You hit the iguana.
The iguana is moderately wounded.
The iguana barely misses you. The iguana bites you.
* * * LOW HITPOINT WARNING * * *
You barely miss the iguana.
The iguana is moderately wounded.
The iguana bites you but does no damage.
You barely miss the iguana.
The iguana is moderately wounded.
You block the iguana's attack.
You barely miss the iguana.
The iguana is moderately wounded.
The iguana bites you!
You die...

#.#.. ...#.#.#.##.#.#
#.#.####.#.#........#####
+.......<...>#.#.........
#.#.######...#.#.########
+#####.#[######...#.#.# #<##..
....................#.# #.##.#
######..#######.....#.# #.##.#
...........#####..#+#.# #.##.#
#######.#..gl@........###.##.#
#.#..#####.#....#......#
#.#..# ..+....#.#.##.. #.#..##
.#....#.#..... #.#.g.# .# ...#
###### #.#'#.#.# #.......#
#.......# #...[...#


You could see an iguana and a goblin.

Vanquished Creatures
  A bullfrog skeleton (D:3)
  An adder (D:3)
  A worm (D:2)
  4 dart slugs
  4 orcs (D:3)
  6 bats
  8 endoplasms
  2 giant cockroaches (D:2)
  11 goblins
  7 hobgoblins
  7 jackals (D:2)
  6 kobolds
  6 ball pythons
  5 frilled lizards
  A jackal skeleton (D:3)
  6 rats
76 creatures vanquished.

Notes
Turn   | Place    | Note
-------+----------+-------------------------------------------
     0 | D:1      | danielguo94 the Gargoyle Fighter began the quest for the
                  | Orb.
     0 | D:1      | Reached XP level 1. HP: 14/14 MP: 1/1
   337 | D:1      | Reached XP level 2. HP: 18/19 MP: 2/2
   847 | D:1      | Reached XP level 3. HP: 23/23 MP: 3/3
  1615 | D:2      | Reached XP level 4. HP: 21/28 MP: 4/4
  1729 | D:2      | Found a faded altar of an unknown god.
  2105 | D:3      | Reached XP level 5. HP: 27/33 MP: 5/5
  2174 | D:3      | Noticed a human
  2188 | D:3      | Found a runed translucent door.
  2197 | D:3      | Found a basalt altar of Yredelemnul.
  2592 | D:4      | Slain by an iguana

Illustrated notes

Levels and vault maps discovered:
D:1:      dpeg_arrival_three_same_balls, layout_loops_ring
D:2:      layout_basic, hellmonk_ecumenical_altar_leap_of_faith,
          minmay_misc_feat_enclosed, chequers_serial_rivers_large_a,
          st_stairs_11, hangedman_feature_mirror, minmay_hexomino_u4
D:3:      layout_basic, dk_yredelemnul_ordeal
D:4:      layout_basic, chequers_temple_overflow_statue_of_worship,
          serial_shops, kennysheep_mini_moat

Skill      XL: |  1  2  3  4  5 |
---------------+----------------+-----
Maces & Flails | 3 4 |  4.1
Armour         | 4 |  4.0
Fighting       | |  3.6
Dodging        | |  0.6
Shields        | |  3.5

Action                   |  1- 3 |  4- 6 || total
-------------------------+-------+-------++-------
Melee: Flail             |   135 |   109 ||   244
  Use: Scroll            |     1 |     2 ||     3
Armor: Scale mail        |    68 |    49 ||   117
Dodge: Dodged            |    50 |    37 ||    87
Block: Buckler           |     5 |       ||     5
       Kite shield       |    60 |    56 ||   116
